[Event "Final GP Rapid TOP 16 2019"]
[Site "Khanty-Mansijsk"]
[Date "2019.12.03"]
[Round "12.7"]
[White "Maltsevskaya, Aleksandra"]
[Black "Pridorozhni, Aleksei"]
[Result "1/2-1/2"]
[ECO "B40"]
[WhiteElo "2332"]
[BlackElo "2602"]
[Annotator "RC"]
[PlyCount "94"]
[EventDate "2019.12.01"]
[EventType "tourn"]
[EventCountry "RUS"]
[SourceTitle "playchess.com"]
[Source "ChessBase"]
[SourceQuality "1"]
[TimeControl "900+10"]

1. e4 c5 2. Nf3 e6 3. g3 d5 4. exd5 exd5 5. Bg2 Qe7+ 6. Qe2 Qxe2+ 7. Kxe2 Nc6 8. Re1 h6 9. Kf1+ Be6 10. b3 Nf6 11. Bb2 Be7 12. d4 c4 13. Ne5 Nxe5 14. dxe5 Nd7 15. bxc4 dxc4 16. Nc3 O-O 17. Nd5 Bc5 18. Rad1 Rad8 19. Bd4 b6 20. f4 g6 21. Rd2 Kg7 22. Nc7 Bxd4 23. Nxe6+ fxe6 24. Rxd4 Nc5 25. Red1 Rxd4 26. Rxd4 c3 27. Ke2 g5 28. Ke3 gxf4+ 29. gxf4 Kf7 30. Rc4 Rg8 31. Bf1 Rg1 32. Kf2 Rg8 33. Ke3 h5 34. Rxc3 h4 35. Rc4 Kg6 36. Rd4 Kh5 37. Be2+ Kh6 38. Kf2 Kg6 39. Bf1 Rc8 40. Rd6 Kf7 41. Ke3 Ke7 42. Bh3 Rf8 43. Bg4 Rg8 44. h3 Rf8 45. Rc6 Kd7 46. Rd6+ Ke7 47. Rc6 Kd7 1/2-1/2

[Event "Final GP Rapid TOP 16 2019"]
[Site "Khanty-Mansijsk"]
[Date "2019.12.03"]
[Round "14.8"]
[White "Nesterov, Arseniy"]
[Black "Pridorozhni, Aleksei"]
[Result "0-1"]
[ECO "A40"]
[WhiteElo "2489"]
[BlackElo "2602"]
[Annotator "RC"]
[PlyCount "84"]
[EventDate "2019.12.01"]
[EventType "tourn"]
[EventCountry "RUS"]
[SourceTitle "playchess.com"]
[Source "ChessBase"]
[SourceQuality "1"]
[TimeControl "900+10"]

1. d4 e6 2. c4 f5 3. Nf3 Nf6 4. g3 b6 5. Bg2 Bb7 6. O-O a5 7. d5 exd5 8. Nd4 Nc6 9. cxd5 Nxd4 10. Qxd4 Bd6 11. Nc3 O-O 12. Bf4 Ne8 13. Nb5 Bxf4 14. Qxf4 Ba6 15. Nd4 Nd6 16. Rfc1 Rc8 17. Rc2 g5 18. Qd2 f4 19. Rac1 h6 20. e4 fxe3 21. Qxe3 Qf6 22. h3 Rce8 23. Qc3 Ne4 24. Bxe4 Rxe4 25. Nb3 a4 26. Qxf6 Rxf6 27. Na1 Rd4 28. Rxc7 Rxd5 29. Nc2 Rd2 30. Nb4 Bb5 31. R1c2 Rfxf2 32. Rxd2 Rxd2 33. Rb7 Rxb2 34. a3 Bc6 35. Rxb6 Rg2+ 36. Kf1 Rxg3 37. Nxc6 dxc6 38. Rxc6 Rxh3 39. Kg2 Rh4 40. Kg3 Kg7 41. Ra6 Rc4 42. Kg2 h5 0-1